AoeStats
← Markhor_0

Black Forest

503619786Analyzed
4v4 RM · 29d ago on Sep 1, 2026· 54m 53s· 8 players
Game mode
Random Map
Map size
Large (8 player)
Population
200
Speed
Normal
Resources
Standard
Victory
Conquest
Starting age
Dark Age
Ending age
Imperial Age
RankedLock teamsTeams togetherTeam positionsShared explorationLock speedFull tech treeHidden civsTurbo modeCheats
Victory
Defeat
🇧🇪 Huns · Belgium
701
+8
🇲🇽 Spanish · Mexico
672
+9
🇫🇷 Britons · France
652
+10
🇨🇳 Khmer · China
606
+12
🇬🇧 Khmer · United Kingdom
584
-13
🇵🇱 Bohemians · Poland
552
-11
🇳🇴 Khmer · Norway
470
-8
🇬🇧 Goths · United Kingdom
418
-6
athmaniac
2:07 Loom
12:54 Feudal Age
17:41 Castle Age
16:10 Horse Collar
16:21 Double-Bit Axe
19:00 Heavy Plow
19:16 Bow Saw
24:09 Fervor
24:37 Gold Mining
24:38 Stone Mining
32:04 Scale Mail Armor
32:15 Forging
33:53 Chain Mail Armor
34:14 Iron Casting
36:53 Imperial Age
35:03 Wheelbarrow
35:24 Caravan
35:50 Fishing Lines
36:35 Heated Shot
37:05 Ballistics
36:57 Masonry
36:43 Murder Holes
37:29 Anarchy
37:22 Capped Ram
39:10 Chemistry
39:13 Blast Furnace
38:20 Scale Barding Armor
39:09 Pikeman
39:50 Squires
39:10 Man-at-Arms
40:38 Conscription
40:18 Perfusion
39:39 Elite Huskarl
42:01 Two-Man Saw
41:56 Halberdier
41:58 Long Swordsman
43:23 Chain Barding Armor
46:26 Two-Handed Swordsman
Montys8th
0:42 Loom
15:32 Feudal Age
17:04 Wheelbarrow
16:08 Man-at-Arms
31:39 Castle Age
29:25 Town Watch
32:34 Long Swordsman
32:35 Pikeman
32:37 Crossbowman
32:37 Elite Skirmisher
35:23 Horse Collar
38:54 Town Patrol
39:16 Hand Cart
40:52 Heavy Plow
49:24 Imperial Age
50:23 Double Crossbow
50:19 Double-Bit Axe
51:42 Chemistry
50:53 Fortified Wall
50:38 Murder Holes
52:03 Ballistics
51:55 Masonry
51:36 Heated Shot
51:44 Heavy Scorpion
51:49 Onager
53:08 Two-Handed Swordsman
53:08 Halberdier
54:06 Elite Ballista Elephant
coran
17:08 Feudal Age
18:48 Wheelbarrow
18:42 Double-Bit Axe
22:58 Loom
31:59 Horse Collar
33:14 Town Watch
38:40 Castle Age
41:58 Padded Archer Armor
41:51 Fletching
42:02 Scale Mail Armor
42:13 Forging
46:10 Imperial Age
45:50 Fortified Wall
46:42 Chemistry
47:45 Conscription
48:57 Masonry
51:21 Architecture
51:20 Hand Cart
52:08 Squires
51:29 Pikeman
Varg_1960
1:41 Loom
12:16 Feudal Age
20:55 Castle Age
20:05 Double-Bit Axe
31:37 Horse Collar
33:23 Town Watch
38:57 Imperial Age
36:54 Husbandry
37:24 Bloodlines
38:21 Wheelbarrow
38:32 Gold Mining
40:19 Elite Battle Elephant
42:29 Elite Ballista Elephant
43:32 Conscription
47:31 Pikeman
angelottis
0:29 Loom
12:31 Feudal Age
12:56 Double-Bit Axe
14:56 Wheelbarrow
16:14 Horse Collar
16:27 Gold Mining
18:54 Stone Mining
19:38 Fishing Lines
26:30 Castle Age
25:56 Bloodlines
27:31 Caravan
28:03 Hand Cart
28:10 Bow Saw
28:43 Scale Barding Armor
28:48 Forging
28:42 Husbandry
29:44 Gillnets
31:14 Chain Barding Armor
31:33 Iron Casting
36:27 Imperial Age
34:14 Heavy Plow
36:32 Town Watch
38:31 Two-Man Saw
38:01 Conscription
37:08 Cavalier
38:45 Plate Barding Armor
39:32 Guilds
40:01 Paladin
42:28 Blast Furnace
41:32 Town Patrol
44:14 Pikeman
45:04 Murder Holes
45:37 Halberdier
46:18 Scale Mail Armor
50:31 Coinage
52:47 Banking
Htr
8:04 Loom
12:21 Feudal Age
17:43 Horse Collar
17:51 Double-Bit Axe
18:54 Wheelbarrow
27:22 Castle Age
28:04 Caravan
28:23 Hand Cart
31:30 Bow Saw
31:31 Heavy Plow
31:29 Pikeman
32:02 Gambesons
32:18 Squires
32:04 Arson
37:19 Yeomen
39:52 Imperial Age
37:33 Elite Skirmisher
37:34 Crossbowman
37:37 Light Cavalry
38:18 Husbandry
42:03 Scale Mail Armor
42:14 Forging
41:55 Fletching
42:06 Padded Archer Armor
44:36 Two-Man Saw
44:29 Iron Casting
44:10 Chain Mail Armor
43:32 Halberdier
43:40 Arbalester
44:53 Conscription
45:03 Bodkin Arrow
47:27 Plate Mail Armor
47:58 Blast Furnace
47:55 Elite Longbowman
50:28 Bracer
50:44 Leather Archer Armor
50:35 Scale Barding Armor
52:35 Ring Archer Armor
51:30 Heavy Cavalry Archer
Markhor_0
0:45 Loom
15:09 Feudal Age
16:48 Forging
16:43 Scale Barding Armor
18:36 Bloodlines
21:59 Horse Collar
25:30 Wheelbarrow
28:11 Gold Mining
28:12 Stone Mining
28:47 Town Watch
31:32 Castle Age
30:11 Fletching
31:30 Double-Bit Axe
32:34 Bodkin Arrow
33:47 Murder Holes
34:12 Ballistics
33:59 Heavy Plow
34:15 Hand Cart
34:52 Gold Shaft Mining
35:45 Town Patrol
36:10 Husbandry
39:39 Iron Casting
39:25 Chain Barding Armor
44:32 Marauders
49:54 Imperial Age
50:11 Elite Tarkan
51:15 Conscription
53:23 Blast Furnace
53:13 Plate Barding Armor
JOE
0:30 Loom
12:14 Feudal Age
18:27 Castle Age
17:30 Horse Collar
17:38 Double-Bit Axe
17:47 Stone Mining
19:23 Wheelbarrow
22:50 Hand Cart
28:36 Gold Mining
31:36 Bow Saw
33:44 Gold Shaft Mining
33:45 Stone Shaft Mining
35:05 Masonry
35:05 Fortified Wall
38:36 Imperial Age
38:00 Caravan
38:31 Tusk Swords
40:23 Conscription
39:25 Elite Ballista Elephant
40:08 Double Crossbow
40:48 Architecture
41:21 Chemistry
40:42 Ballistics
40:28 Siege Engineers
42:42 Husbandry
42:53 Bloodlines
46:07 Elite Battle Elephant
47:17 Scale Barding Armor
47:23 Forging
47:28 Heavy Plow
Connection lost

Rejoining the realm…

Still unreachable

The connection could not be restored.

Session expired

The server has moved on; the page needs a fresh start.